 Dungeon Crawl Stone Soup version 0.21-a0-283-g622b906 (webtiles) character file.

60 RKaid the Charlatan (level 3, -7/15 HPs)
             Began as a Felid Artificer on Sept 25, 2017.
             Mangled by Sigmund
             ... wielding a +0 scythe
              (10 damage)
             ... on level 2 of the Dungeon.
             The game lasted 00:04:47 (1864 turns).

RKaid the Charlatan (Felid Artificer)               Turns: 1864, Time: 00:04:48

Health: -7/15      AC:  1    Str:  8    XL:     3   Next: 82%
Magic:  7/7        EV: 18    Int: 13    God:
Gold:   117        SH:  0    Dex: 16    Spells: 1/2 levels left
                                        Lives:  0   Deaths: 0

rFire    . . .     SeeInvis +     - Unarmed
rCold    . . .     Gourm    .   (shield unavailable)
rNeg     . . .     Faith    .   (armour unavailable)
rPois    .         Spirit   .   (helmet unavailable)
rElec    .         Reflect  .   (cloak unavailable)
rCorr    .         Harm     .   (gloves unavailable)
MR       .....                  (boots unavailable)
Stlth    ++........             (no amulet)
HPRegen  0.05/turn              (no ring)
MPRegen  0.10/turn              (no ring)

@: quick
A: no armour, no weapons or thrown items, stealth, claws 1, fangs 3, see
invisible, carnivore 3, speed 1, shaggy fur 1, slow metabolism 1, sharp paws
a: no special abilities


You were on level 2 of the Dungeon.
You were completely stuffed.

You visited 1 branch of the dungeon, and saw 2 of its levels.

You collected 117 gold pieces.

Inventory:

Wands
 a - a wand of flame (11/48)
 b - a wand of enslavement (15/24)
 c - a wand of random effects (14/48)
Scrolls
 h - a scroll of remove curse {unknown}
 i - 2 scrolls of teleportation {unknown}
 n - a scroll of amnesia {unknown}
Potions
 e - a potion of magic {unknown}
 f - a potion of cancellation
 j - a potion of brilliance
 k - a potion of might
 l - a potion of invisibility {unknown}
Books
 m - a book of Misfortune
   (You found it on level 2 of the Dungeon)
Comestibles
 d - 2 meat rations


   Skills:
 + Level 1.5 Fighting
 - Level 2.6 Dodging
 - Level 1.3 Stealth
 * Level 2.6 Unarmed Combat
 + Level 1.1 Hexes
 + Level 4.0 Evocations


You had one spell level left.
You knew the following spells:

 Your Spells              Type           Power        Failure   Level  Hunger
a - Confusing Touch       Hex            #.....       21%         1    ##.....


Dungeon Overview and Level Annotations

Branches:
Dungeon (2/15)

Altars:
Makhleb
Uskayaw

Annotations:
D:2 Sigmund


Innate Abilities, Weirdness & Mutations

You cannot wear armour.
You are incapable of wielding weapons or throwing items.
Your paws allow you to move quietly. (Stealth)
You have sharp claws.
You have razor-sharp teeth.
You have supernaturally acute eyesight. (SInv)
You are carnivorous and can eat meat at any time.
You cover ground quickly.
You are covered in fur. (AC +1)
You have a slow metabolism.
Your sharp claws are effective at attacking unaware monsters.


Message History

The hound barely misses you.
Casting: Confusing Touch
Confirm with . or Enter, or press ? or * to list all spells.
Your paws begin to glow red.
The hound completely misses you.
You scratch the hound but do no damage.
The hound appears confused.
You scratch the hound but do no damage. You bite the hound.
You scratch the hound.
You are too injured to fight recklessly!
You pounce on the helpless hound from behind!
You scratch the hound.
You kill the hound!
Your Hexes skill increases to level 1!
Your Evocations skill increases to level 4!
You start resting.
Eating one of 4 chunks of flesh.
You eat one of the 4 chunks of flesh.
This raw flesh tastes great.
All of the chunks of flesh in your inventory have rotted away.
You see here a human corpse.
There is a burning altar of Makhleb here.
There is an empty arch of ancient stone here.
There is a burning altar of Makhleb here.
You sit before the altar of Makhleb.
You butcher the human corpse.
g - 3 chunks of flesh You see here a human skeleton. x2
You now have 101 gold pieces (gained 6).
Found a hide-covered altar of Uskayaw.
n - a scroll labeled VOKHEO QORO All of the chunks of flesh in your inventory have rotted away.
You now have 111 gold pieces (gained 10).
There is a hide-covered altar of Uskayaw here.
You see here 31 arrows.
There is a stone staircase leading up here.
You now have 117 gold pieces (gained 6).
Marking area around Sigmund as unsafe for travelling.
Sigmund the Dreaded comes into view.
He is wielding a scythe.
Sigmund shouts!
Sigmund barely misses you.
Evoke which item? (* to show all) (? for menu, Esc to quit)
Okay, then.
Evoke which item? (* to show all) (? for menu, Esc to quit)
Aiming: Enslavement
Press: ? - help, Shift-Dir - straight line, f - Sigmund
Aim: Sigmund, wielding a scythe and wearing a glowing robe (chance to defeat MR: 67%)
Okay, then.
There's nothing to close nearby.
Unknown command.
Evoke which item? (* to show all) (? for menu, Esc to quit)
Aiming: Throw Flame
Press: ? - help, Shift-Dir - straight line, f - Sigmund
Aim: Sigmund, wielding a scythe and wearing a glowing robe The puff of flame hits Sigmund.
Sigmund appears unharmed.
This wand has 14 charges left.
Sigmund closely misses you.
Evoke which item? (* to show all) (? for menu, Esc to quit)
Aiming: Random Effects
Press: ? - help, Shift-Dir - straight line, f/p - Sigmund
Aim: Sigmund, wielding a scythe and wearing a glowing robe The bolt of negative energy hits Sigmund.
Sigmund is drained!
This wand has 14 charges left.
Sigmund points at you and mumbles some strange words.
You resist with some effort.
Evoke which item? (* to show all) (? for menu, Esc to quit)
Aiming: Throw Flame
Press: ? - help, Shift-Dir - straight line, f/p - Sigmund
Aim: Sigmund, wielding a scythe and wearing a glowing robe (severely wounded, heavily drained)
The puff of flame misses Sigmund.
This wand has 13 charges left.
Evoke which item? (* to show all) (? for menu, Esc to quit)
Aiming: Throw Flame
Press: ? - help, Shift-Dir - straight line, f/p - Sigmund
Aim: Sigmund, wielding a scythe and wearing a glowing robe (severely wounded, heavily drained)
The puff of flame hits Sigmund.
Sigmund resists.
This wand has 12 charges left.
Evoke which item? (* to show all) (? for menu, Esc to quit)
Aiming: Throw Flame
Press: ? - help, Shift-Dir - straight line, f/p - Sigmund
Aim: Sigmund, wielding a scythe and wearing a glowing robe (almost dead, heavily drained)
The puff of flame misses Sigmund.
This wand has 11 charges left.
Sigmund points at you and mumbles some strange words.
The magic dart hits you!
Sigmund screams, "Die, monster!"
Sigmund casts a spell at you. The magic dart hits you!
* * * LOW HITPOINT WARNING * * *
You barely miss Sigmund. Sigmund gestures at you while chanting.
You are confused.
You're too confused to move!
Sigmund completely misses you.
It was a potion of brilliance.
You feel clever all of a sudden.
It was a potion of might.
You feel very mighty all of a sudden.
Sigmund gestures wildly while chanting.
Sigmund flickers and vanishes for a moment.
It was a potion of cancellation.
Your magical effects are unravelling.
You feel magically purged.
You feel less confused.
You feel a little less mighty now.
You feel a little less clever now. Sigmund misses you.
You closely miss Sigmund. Sigmund hits you with a scythe!
Ouch! That really hurt!
You die...

######((......##.....#.#.......#
..........##########.#.#.#####.#
+#####(##....................#.#
...###)##########.####.#.###.#.#
...#..)[...............#.# #.#.#
...#.#.###...#...#######.###.#.#
...#.#.# #..<................#.#
.###.#.###.#####.#########.###.#
.)...#.........#@...# #.# #.#
##########.###..@...# #.# #.#
##.........# #.#.#### #.# #.#
>........#####.#.# #.# #.#
.....##........#.# ######.###.##
.................................
......#........#.#########.###...
.................................
#.........(......................


You could see Sigmund (invisible).

Vanquished Creatures
  A hound (D:2)
  A leopard gecko (D:2)
  5 bats
  5 goblins
  5 hobgoblins
  2 frilled lizards (D:2)
  7 kobolds
  3 rats
29 creatures vanquished.

Notes
Turn   | Place    | Note
-------+----------+-------------------------------------------
     0 | D:1      | RKaid the Felid Artificer began the quest for the Orb.
     0 | D:1      | Reached XP level 1. HP: 9/9 MP: 4/4
   420 | D:1      | Reached XP level 2. HP: 12/12 MP: 5/5
   571 | D:1      | Reached skill level 2 in Unarmed Combat
  1331 | D:2      | Reached XP level 3. HP: 15/15 MP: 6/6
  1491 | D:2      | Learned a level 1 spell: Confusing Touch
  1496 | D:2      | Found a burning altar of Makhleb.
  1523 | D:2      | Reached skill level 1 in Hexes
  1523 | D:2      | Reached skill level 4 in Evocations
  1726 | D:2      | Noticed a hand axe
  1727 | D:2      | Noticed a hand axe
  1729 | D:2      | Found a hide-covered altar of Uskayaw.
  1847 | D:2      | Noticed Sigmund
  1858 | D:2      | HP: 2/15 [Sigmund/magic dart (7)]
  1864 | D:2      | Mangled by Sigmund

Vault maps used:
D:1:      roderic_lyre, corexii_corridor_pit, minmay_pentomino_t2
D:2:      dancing_weapons_uskayaw, chequers_ecumenical_altar_simple,
          makhleb_blood_cavern_becter, uniq_sigmund

Skill      XL: |  1  2  3 |
---------------+----------+-----
Unarmed Combat | 2 |  2.6
Hexes          | 1 |  1.1
Evocations     | 4 |  4.0
Fighting       | |  1.5
Dodging        | |  2.6
Stealth        | |  1.3

Action                   || total
-------------------------++-------
Melee: Unarmed           ||   104
       Bite              ||     7
       Punch             ||     3
 Cast: Confusing Touch   ||     1
Evoke: Wand              ||     5
  Use: Potion            ||     3
 Stab: Sleeping          ||     3
       Confused          ||     1
  Eat: Chunk             ||     9
Armor: Skin              ||    11
Dodge: Dodged            ||    97

Table legend:
 A = Spawn XP
 B = Non-spawn XP
 C = Spawn XP percentage of total XP
 D = Spawn monster count
 E = Non-spawn monster count
 F = Spawn count percentage of total count
 G = Total turns spent on level
                    A         B        C        D         E        F      G
               +---------+---------+-------+---------+---------+-------+---------
         Total |       0 |      87 |   0.0 |       0 |      29 |   0.0 |  1864
               +---------+---------+-------+---------+---------+-------+---------
           D:1 |       0 |      30 |   0.0 |       0 |      18 |   0.0 |  1022
           D:2 |       0 |      57 |   0.0 |       0 |      11 |   0.0 |   842
               +---------+---------+-------+---------+---------+-------+---------

Table legend:
 A = Turns spent in this place as a percentage of turns spent in the entire game.
 B = Non-inter-level travel turns spent in this place as a percentage of non-inter-level travel turns spent in the entire game.
 C = Inter-level travel turns spent in this place as a percentage of turns spent in this place.
 D = Turns resting spent in this place as a percentage of non-inter-level travel turns spent in this place.
 E = Turns spent auto-exploring this place as a percentage of non-inter-level travel turns spent in this place.
 F = Non-inter-level travel turns spent in this place divided by the number of levels of this place that you've seen.
                   A       B       C       D       E      F
               +-------+-------+-------+-------+-------+----------------------
         Total | 100.0 | 100.0 |   0.1 |  29.8 |  50.0 | 931.5
       Dungeon | 100.0 | 100.0 |   0.1 |  29.8 |  50.0 | 931.5
               +-------+-------+-------+-------+-------+----------------------

Table legend:
 A = Kills in this place as a percentage of kills in entire the game.
 B = Kills by you in this place as a percentage of kills by you in the entire game.
 C = Kills by friends in this place as a percentage of kills by friends in the entire game.
 D = Other kills in this place as a percentage of other kills in the entire game.
 E = Experience gained in this place as a percentage of experience gained in the entire game.
 F = Experience gained in this place divided by the number of levels of this place that you have seen.
                   A       B       C       D       E      F
               +-------+-------+-------+-------+-------+----------------------
         Total | 100.0 | 100.0 |   N/A |   N/A | 100.0 |  43.5
       Dungeon | 100.0 | 100.0 |   N/A |   N/A | 100.0 |  43.5
               +-------+-------+-------+-------+-------+----------------------
